Map: Triton LE

Players

TSGNice (Nice)

  • Race: Protoss Protoss
  • Spawn Location: 11:00

Reynor - Winner!

  • Race: Zerg Zerg
  • League: Master
  • Spawn Location: 5:00

Event: NationWars 2019

VOD

Have the link to the VOD?

Description

Time

  • Played on: Nov. 15, 2019, 12:59 p.m.
  • Length: 10:38

All games in this series

Show
View Real Time Build Order
Export as new Build Order

TSGNice Protoss 

Build Orders: 1 Gate Expand, Oracle Opening 

Get SALT Encoding   

  12  0:01  Probe  
  13  0:13  Probe  
  14  0:24  Pylon  
  14  0:25  Probe  
  15  0:31  Assimilator  
  15  0:42  Probe (Chrono Boost)  
  16  0:45  Gateway  
  16  0:53  Probe (Chrono Boost)  
  17  0:57  Probe (Chrono Boost)  
  18  1:08  Probe  
  19  1:20  Probe  
  20  1:27  Nexus  
  20  1:33  Cybernetics Core  
  20  1:39  Assimilator  
  20  1:42  Probe  
  21  1:48  Pylon  
  21  1:54  Probe  
  22  2:06  Probe  
  22  2:07  Adept (Chrono Boost)  
  23  2:14  Stargate  
  24  2:18  Probe  
  24  2:22  Warp Gate  
  25  2:27  Adept (Chrono Boost)  
  25  2:36  Probe (Chrono Boost)  
  28  2:40  Probe (Chrono Boost)  
  29  2:50  Probe x2 (Chrono Boost), Shield Battery  
  31  2:57  Oracle (Chrono Boost)  
  35  2:58  Probe  
  35  3:00  Probe  
  36  3:10  Probe  
  36  3:12  Probe  
  38  3:22  Probe  
  41  3:27  Oracle (Chrono Boost)  
  41  3:30  Stalker  
  41  3:31  Probe  
  45  3:34  Pylon, Probe  
  46  3:43  Gateway  
  46  3:45  Gateway  
  46  3:52  Probe x2  
  48  3:59  Oracle (Chrono Boost)  
  51  4:05  Pylon  
  51  4:09  Assimilator  
  53  4:10  Assimilator  
  53  4:14  Adept  
  53  4:15  Probe  
  54  4:23  Probe  
  55  4:25  Pylon  
  55  4:27  Probe  
  55  4:29  Pylon  
  56  4:35  Probe  
  56  4:36  Oracle (Chrono Boost)  
  57  4:39  Probe  
  61  4:47  Probe  
  61  4:51  Probe  
  63  4:59  Probe  
  64  5:04  Probe  
  61  5:11  Nexus, Probe  
  61  5:12  Pylon  
  62  5:16  Probe  
  62  5:19  Adept x3  
  69  5:23  Probe  
  69  5:28  Probe  
  71  5:33  Nexus, Shield Battery  
  71  5:35  Probe, Robotics Facility  
  71  5:37  Robotics Facility  
  71  5:40  Adept x3, Probe  
  79  5:47  Probe  
  77  5:52  Probe  
  75  6:00  Probe  
  75  6:02  Sentry x3  
  82  6:04  Probe  
  81  6:12  Probe  
  81  6:16  Probe  
  83  6:18  Pylon  
  84  6:31  Pylon  
  83  6:33  Pylon  
  83  6:37  Gateway  
  83  6:38  Gateway  
  83  6:39  Immortal x2 (Chrono Boost)  
  91  6:40  Gateway x2  
  91  6:45  Gateway  
  91  6:51  Sentry x3  
  91  6:52  Probe x2  
  91  6:53  Probe  
  106  7:09  Warp Prism (Chrono Boost), Immortal (Chrono Boost)  
  106  7:12  Pylon  
  106  7:15  Pylon  
  106  7:17  Pylon  
  106  7:20  Pylon  
  104  7:24  Sentry x3  
  110  7:35  Pylon  
  110  7:37  Pylon  
  110  7:39  Zealot x2  
  110  7:40  Zealot  
  110  7:42  Pylon  
  116  7:51  Stalker x5  
  116  8:07  Stalker x3  
  122  8:14  Stalker  
  122  8:15  Stalker x4  
  130  8:31  Stalker x2  
  134  8:36  Immortal  
  142  8:41  Assimilator  
  142  8:43  Assimilator  
  142  8:46  Forge  
  142  8:47  Stalker  
  144  8:56  Immortal (Chrono Boost)  
  144  9:01  Robotics Bay  
  144  9:12  Immortal (Chrono Boost)  
  148  9:31  Shield Battery  
  148  9:32  Robotics Facility, Shield Battery  
  148  9:33  Shield Battery x2  
  148  9:40  Gateway  
  148  9:41  Gateway  
  148  9:47  Zealot  
  148  9:49  Zealot x7  
  110  10:26  Zealot x8  
Show
View Real Time Build Order
Export as new Build Order

Reynor Zerg - Winner!

Build Orders: Pool First 

Get SALT Encoding   

  12  0:00  Drone  
  13  0:12  Overlord  
  13  0:16  Drone  
  14  0:30  Drone x2  
  16  0:40  Spawning Pool  
  15  0:43  Drone  
  15  0:47  Drone  
  17  1:08  Hatchery  
  16  1:11  Drone  
  17  1:25  Extractor  
  16  1:27  Zergling x4  
  16  1:28  Zergling x2  
  16  1:30  Queen  
  21  1:38  Overlord  
  21  1:49  Drone  
  22  2:00  Drone  
  23  2:10  Queen  
  23  2:11  Drone  
  26  2:20  Drone  
  26  2:22  Drone  
  28  2:31  Drone  
  28  2:36  Drone  
  30  2:37  Hatchery  
  30  2:41  Metabolic Boost  
  30  2:42  Drone  
  30  2:45  Drone  
  30  2:48  Drone  
  32  2:52  Overlord  
  32  2:55  Drone  
  32  2:57  Drone  
  34  3:04  Queen  
  36  3:12  Drone x3  
  39  3:20  Overlord  
  39  3:23  Spore Crawler  
  39  3:24  Drone x3  
  42  3:27  Spore Crawler  
  42  3:29  Drone  
  42  3:31  Drone  
  43  3:37  Drone  
  43  3:40  Queen  
  46  3:48  Drone x4  
  50  3:52  Queen  
  52  3:55  Overlord  
  52  3:59  Spore Crawler  
  52  4:00  Zergling x4  
  52  4:02  Drone  
  54  4:06  Spore Crawler  
  54  4:07  Zergling x2  
  54  4:11  Drone  
  54  4:12  Drone  
  54  4:14  Drone x2  
  58  4:17  Drone  
  58  4:19  Overlord  
  58  4:27  Roach Warren  
  57  4:33  Drone x2  
  57  4:39  Zergling x12  
  57  4:42  Drone  
  64  4:47  Overlord  
  64  4:48  Extractor x2  
  64  4:50  Drone x3  
  65  4:53  Drone  
  65  4:55  Overlord  
  65  4:59  Drone x2  
  66  5:01  Overlord  
  65  5:08  Queen  
  65  5:09  Overlord  
  65  5:12  Drone x2  
  65  5:13  Drone  
  66  5:16  Drone  
  67  5:22  Drone x5  
  67  5:25  Spore Crawler  
  67  5:26  Drone x2  
  71  5:31  Lair  
  71  5:35  Zergling x8  
  75  5:37  Drone  
  75  5:38  Drone  
  77  5:43  Drone x2, Queen  
  77  5:44  Drone  
  80  5:54  Overlord  
  80  5:55  Drone x6  
  86  6:01  Extractor  
  86  6:03  Extractor  
  84  6:05  Roach x2  
  84  6:06  Roach  
  84  6:10  Drone  
  90  6:12  Overlord, Evolution Chamber  
  90  6:16  Drone x6  
  95  6:27  Roach x3  
  95  6:29  Hatchery, Extractor  
  95  6:30  Overlord  
  99  6:32  Glial Reconstitution  
  99  6:34  Overseer, Pneumatized Carapace  
  99  6:38  Zerg Missile Weapons Level 1  
  102  6:40  Roach x3  
  104  6:53  Overlord  
  103  6:55  Roach x8  
  103  6:58  Roach  
  121  7:05  Overlord  
  120  7:11  Drone  
  120  7:13  Baneling Nest  
  120  7:14  Drone x6  
  126  7:19  Overlord  
  126  7:20  Drone x2  
  126  7:21  Drone x2  
  130  7:25  Overlord  
  130  7:31  Zergling x8  
  130  7:35  Ravager x4  
  130  7:36  Overlord x2  
  138  7:39  Roach x2  
  138  7:40  Ravager x3  
  138  7:42  Roach x2  
  149  7:46  Zergling x2  
  149  7:48  Zergling x2, Roach x2  
  149  7:49  Roach  
  156  7:52  Roach  
  156  7:53  Ravager x2  
  156  7:56  Zergling x4  
  156  7:57  Spine Crawler x2  
  157  8:00  Roach  
  157  8:02  Zergling x2, Roach x2  
  157  8:03  Zergling x2  
  157  8:04  Roach  
  157  8:05  Zergling x4, Roach  
  160  8:07  Zergling x2  
  160  8:08  Ravager  
  160  8:11  Zergling x2  
  160  8:12  Ravager  
  164  8:13  Zergling x2  
  164  8:16  Ravager  
  164  8:19  Zergling x6  
  170  8:20  Zergling x2  
  170  8:25  Zergling x4  
  170  8:26  Extractor  
  170  8:28  Zergling x2  
  170  8:29  Centrifical Hooks  
  170  8:33  Zergling x8  
  175  8:36  Zergling x2  
  175  8:39  Overlord  
  176  8:41  Baneling  
  176  8:42  Baneling x6  
  176  8:44  Baneling x6  
  176  8:51  Overlord x2  
  176  8:52  Overlord  
  176  8:59  Zergling x16  
  184  9:03  Baneling x7  
  184  9:06  Spore Crawler  
  184  9:07  Overlord x2  
  182  9:10  Zergling x22  
  182  9:11  Zergling x2  
  182  9:13  Baneling  
  193  9:17  Baneling x12  
  193  9:21  Zergling x6  
  193  9:22  Zergling x6  
  198  9:25  Zergling x2  
  198  9:28  Zergling x2  
  199  9:46  Baneling x22  
  199  9:51  Baneling x3  
  199  9:52  Baneling  
  198  10:04  Zergling x10  
  192  10:07  Zergling x2  
  192  10:08  Zergling x28  
  192  10:11  Zergling x2, Roach x2  
  192  10:12  Zergling x2  
  189  10:14  Roach  
  189  10:20  Zergling x4  
  178  10:35  Hatchery  
Tags
 
Add a new tag
Caveats
  • Supply blocks, unpowered buildings, or Contaminate may cause inaccurate times.
  • Supply counts are checked every 10 seconds.